 Dungeon Crawl Stone Soup version 0.28.0-47-ge53b351184 (webtiles) character file.

Game seed: 2528366923004013537

67202 CryoSword the Martial Artist (level 14, 0/128 HPs)
             Began as a Demonspawn Hedge Wizard on May 1, 2022.
             Was a High Priest of Makhleb.
             Slain by a two-headed ogre
             ... wielding a +0 giant spiked club
              (12 damage)
             ... while paralysed by an ogre mage
             ... on level 13 of the Dungeon.
             The game lasted 01:06:05 (22474 turns).

CryoSword the Martial Artist (DsWz)                Turns: 22474, Time: 01:06:05

Health: 0/128      AC: 14    Str: 15    XL:     14   Next: 82%
Magic:  31/31      EV:  2    Int: 17    God:    Makhleb [*****.]
Gold:   1318       SH:  0    Dex: 15    Spells: 7/21 levels left

rFire   . . .      SeeInvis +     - Unarmed
rCold   . . .      Faith    .   L - +2 buckler
rNeg    + . .      Spirit   .   O - +3 troll leather armour
rPois   +          Reflect  .   h - +1 helmet of the Pits of Slime {Rampage Regen+ Str+4}
rElec   .          Harm     .   r - +2 ratskin cloak {*Rats rPois rN+ Str-1 Int-1 Dex+1}
rCorr   .          Rampage  +   (no gloves)
Will    +....                   (no boots)
Stlth   +++.......              b - amulet of Vitality {Regen+ HP+15}
HPRegen 2.71/turn               G - ring of magical power
MPRegen 0.22/turn               N - ring of see invisible

@: paralysed, mighty
A: claws 2, thin metallic scales 1, powered by pain 2, spiny 1
a: Renounce Religion, Minor Destruction, Lesser Servant of Makhleb, Major
Destruction, Greater Servant of Makhleb


You were on level 13 of the Dungeon.
You worshipped Makhleb.
Makhleb was extremely pleased with you.
You visited 3 branches of the dungeon, and saw 20 of its levels.

You collected 1577 gold pieces.
You spent 259 gold pieces at shops.

Inventory:

Missiles
 E - 6 curare-tipped darts
 F - 280 stones
Armour
 h - the +1 helmet of the Pits of Slime (worn) {Rampage Regen+ Str+4}
   (You took it off Robin on level 2 of the Dungeon)

   Str:       It affects your strength (+4).
   Regen:     It increases your rate of health regeneration.
   Rampage:   It bestows one free step when moving towards enemies.
 r - the +2 ratskin cloak (worn) {*Rats rPois rN+ Str-1 Int-1 Dex+1}
   (You found it on level 5 of the Dungeon)

   When the wearer is hurt, rats may emerge from it to assist them.
   Str:       It affects your strength (-1).
   Int:       It affects your intelligence (-1).
   Dex:       It affects your dexterity (+1).
   rPois:     It protects you from poison.
   rN:        It protects you from negative energy.
 L - a +2 buckler (worn)
   (You took it off a gnoll sergeant on level 10 of the Dungeon)
 O - a +3 troll leather armour (worn)
   (You found it on level 11 of the Dungeon)
Jewellery
 b - the amulet of Vitality (around neck) {Regen+ HP+15}
   (You found it on level 11 of the Dungeon)

   [amulet of regeneration]

   HP:        It affects your health (+15).
   Regen:     It increases your rate of health regeneration.
 G - a ring of magical power (left claw)
   (You found it on level 10 of the Dungeon)
 N - a ring of see invisible (right claw)
   (You bought it in a shop on level 11 of the Dungeon)
Wands
 a - a wand of iceblast (6)
   (You took it off Ijyb on level 2 of the Dungeon)
 s - a wand of acid (3)
   (You found it on level 8 of the Dungeon)
 t - a wand of mindburst (40)
   (You found it on level 8 of the Dungeon)
 u - a wand of charming (18)
   (You found it on level 6 of the Dungeon)
 x - a wand of flame (41) (quivered)
   (You found it on level 7 of the Dungeon)
 y - a wand of digging (3)
   (You found it on level 7 of the Dungeon)
Scrolls
 d - a scroll of amnesia
 e - 6 scrolls of silence
 f - 6 scrolls of teleportation {@r4}
 j - a scroll of blinking
 n - a scroll of fog {unknown}
 w - 3 scrolls of enchant weapon {unknown}
 A - 2 scrolls of summoning {unknown}
 H - 3 scrolls of brand weapon {unknown}
 I - 2 scrolls of fear
 J - 3 scrolls of magic mapping
 Q - 2 scrolls of immolation {unknown}
 S - a scroll of vulnerability {unknown}
Potions
 c - 10 potions of curing {@q1}
 g - 3 potions of brilliance
 i - 6 potions of heal wounds {@q2}
 k - 4 potions of ambrosia
 l - 5 potions of might
 m - 2 potions of mutation {!q}
 o - 5 potions of berserk rage {unknown}
 p - a potion of cancellation
 v - a potion of flight
 z - 2 potions of haste {@q3}
 B - 2 potions of resistance {unknown}
 C - 3 potions of lignification {unknown}
 D - a potion of invisibility
 K - 2 potions of degeneration {unknown}
 P - 3 potions of attraction {!q}
Miscellaneous
 R - a phantom mirror
   (You found it on level 3 of the Lair of Beasts)


   Skills:
 * Level 11.4 Fighting
 * Level 2.2 Dodging
 - Level 6.0 Stealth
 - Level 6.0 Shields
 * Level 14.0 Unarmed Combat
 + Level 4.1 Spellcasting
 + Level 6.7 Conjurations
 - Level 3.0 Hexes
 - Level 5.0 Summonings
 - Level 4.0 Translocations
 + Level 2.8 Transmutations
 - Level 3.0 Air Magic
 + Level 6.6 Earth Magic
 - Level 4.0 Poison Magic
 + Level 11.5 Invocations


You had 7 spell levels left.
You knew the following spells:

 Your Spells              Type           Power      Damage    Failure   Level
a - Sandblast             Erth           52%        2d12      1%          1
b - Slow                  Hex            52%        N/A       7%          1
c - Call Imp              Summ           20%        N/A       4%          2
d - Stone Arrow           Conj/Erth      52%        3d10      4%          3
B - Blink                 Tloc           34%        N/A       7%          2
C - Mephitic Cloud        Conj/Pois/Air  19%        N/A       11%         3
P - Passwall              Tmut/Erth      15%        N/A       5%          2

Your spell library contained the following spells:

 Spells                   Type           Power      Damage    Failure   Level
 Magic Dart               Conj           100%       1d8       1%          1
 Gell's Gravitas          Tloc           17%        N/A       14%         3
 Lesser Beckoning         Tloc           17%        N/A       14%         3
 Summon Guardian Golem    Hex/Summ       17%        N/A       14%         3
 Teleport Other           Tloc           17%        N/A       14%         3
 Conjure Flame            Conj/Fire      14%        6-21      19%         3
 Corpse Rot               Necr/Air       16%        N/A       21%         2
 Frozen Ramparts          Ice            6%         1d2       58%         3
 Ozocubu's Armour         Ice            3%         N/A       58%         3
 Summon Ice Beast         Ice/Summ       12%        N/A       65%         4
 Ice Form                 Ice/Tmut       8%         N/A       80%         4
 Dispel Undead            Necr           3%         3d7       94%         4
 Death Channel            Necr           1%         N/A       100%        6
 Orb of Destruction       Conj           13%        9d7       100%        7
 Ozocubu's Refrigeration  Ice            1%         4d5       100%        7
 Spellforged Servitor     Conj/Summ      11%        N/A       100%        7


Dungeon Overview and Level Annotations

Branches:
Dungeon (13/15)            Temple (1/1) D:7            Lair (6/6) D:9
  Swamp (0/4) Lair:2        Snake (0/4) Lair:3        Slime (0/5) Lair:6
    Orc (0/2) D:10
 Vaults: D:13-14

Altars:
Ashenzari
Dithmenos
Elyvilon
Fedhas
Gozag
Hepliaklqana
Kikubaaqudgha
Makhleb
Nemelex Xobeh
Okawaru
Ru
Trog
Uskayaw
Vehumet
Wu Jian
Xom
Yredelemnul
Zin
The Shining One
Jiyva

Shops:
D:11 *

Annotations:
D:7 3 runed translucent doors, crawlogic's ghost, novice MiBe; dandone's ghost, novice DrFi; maxonian's ghost, novice TrAM
Lair:4 2 transporters, Tenosyn's ghost, journeyman DsAM
Lair:6 1 runed translucent door, Bruhh's ghost, journeyman DjFE


Innate Abilities, Weirdness & Mutations

You have very sharp fingernails.
You are partially covered in thin metallic scales. (AC +2)
You sometimes gain power by taking damage.
You are partially covered in sharp spines.


Message History

Could not explore, unopened door.
Could not explore, unopened door.
You open the door.
Found 21 gold pieces.
A purple ugly thing comes into view.
The purple ugly thing gurgles horribly!
There is an open door here.
A purple ugly thing is nearby!
A purple ugly thing is nearby!
You rampage towards the purple ugly thing!
A two-headed ogre comes into view.
It is wielding a +0 giant spiked club and a +0 giant club.
Aim: a purple ugly thing (81% to hit)
The blast of sand hits the purple ugly thing!!
F - 283 stones The two-headed ogre shouts in stereo!
You hear two shouts!
Aim: a purple ugly thing (moderately wounded, 81% to hit)
The blast of sand hits the purple ugly thing!
F - 282 stones The purple ugly thing is struck by your spines.
The purple ugly thing tentacle-slaps you!
Aim: a purple ugly thing (heavily wounded, 71% to hit)
The stone arrow misses the purple ugly thing.
The stone arrow hits the two-headed ogre!
You block the purple ugly thing's attack.
Aim: a purple ugly thing (heavily wounded, 71% to hit)
The stone arrow misses the purple ugly thing.
The stone arrow hits the two-headed ogre!!
You block the purple ugly thing's attack.
Aim: a purple ugly thing (heavily wounded, 81% to hit)
The blast of sand hits the purple ugly thing!
F - 281 stones A two-headed ogre comes into view.
It is wielding a +0 giant spiked club and a +0 dire flail.
You block the purple ugly thing's attack.
Aim: a purple ugly thing (severely wounded, 81% to hit)
The blast of sand hits the purple ugly thing.
F - 280 stones The two-headed ogre is struck by your spines.
The two-headed ogre hits you but does no damage.
The two-headed ogre hits you with a +0 giant club!
A river rat scurries out from under your cloak.
You block the purple ugly thing's attack.
A metallic apparition takes form in the air.
A two-headed ogre comes into view. It is wielding two +0 giant clubs.
The two-headed ogre is struck by your spines.
The two-headed ogre barely misses you. The two-headed ogre misses you.
The purple ugly thing tentacle-slaps you.
Your river rat bites the two-headed ogre.
You claw the two-headed ogre!
You kill the two-headed ogre!
Makhleb accepts your kill.
You feel better.
The purple ugly thing tentacle-slaps you but does no damage.
Your Dodging skill increases to level 2!
Your Unarmed Combat skill increases to level 14!
You scratch the purple ugly thing.
A demon appears!
The purple ugly thing tentacle-slaps you but does no damage.
Your river rat bites the purple ugly thing!
Your iron imp hits the purple ugly thing!
You scratch the purple ugly thing.
The purple ugly thing closely misses you.
The two-headed ogre hits your river rat but does no damage.
The two-headed ogre hits your river rat with a +0 dire flail!
Your river rat dies!
You mangle the purple ugly thing!!
You kill the purple ugly thing!
Makhleb accepts your kill.
You rampage towards the two-headed ogre!
You scratch the two-headed ogre.
The two-headed ogre hits your iron imp with a +0 giant spiked club!!
Your iron imp dies!
Your iron imp disappears in a puff of smoke!
Your neqoxec hits the two-headed ogre! You closely miss the two-headed ogre.
A two-headed ogre comes into view.
It is wielding two +0 giant spiked clubs.
The two-headed ogre hits you with a +0 giant club!
A river rat scurries out from under your cloak.
You focus on the pain.
You feel your power returning. You block the two-headed ogre's attack.
Your neqoxec hits the two-headed ogre. You block the two-headed ogre's attack.
The two-headed ogre hits you with a +0 dire flail!
You scratch the two-headed ogre but do no damage.
The two-headed ogre misses you.
The two-headed ogre hits you with a +0 giant club!
A hell rat scurries out from under your cloak.
Your neqoxec gestures at the two-headed ogre.
The two-headed ogre twists and deforms.
You mangle the two-headed ogre!!
An ogre mage comes into view. It is wielding a +0 flail.
The two-headed ogre hits you with a +0 giant spiked club!
You focus on the pain.
You feel very mighty all of a sudden. You block the two-headed ogre's attack.
You are too injured to fight recklessly!
You mangle the two-headed ogre!!
You kill the two-headed ogre!
Makhleb accepts your kill.
You feel better.
The two-headed ogre is struck by your spines.
The two-headed ogre hits you but does no damage.
The two-headed ogre closely misses you.
You completely miss the two-headed ogre.
You block the two-headed ogre's attack.
The two-headed ogre hits you with a +0 giant club!!
You focus on the pain.
You feel mightier all of a sudden.
You mangle the two-headed ogre!!
Your hell rat bites the two-headed ogre!
Your hell rat drains the two-headed ogre.
Your neqoxec hits the two-headed ogre. You claw the two-headed ogre!
You kill the two-headed ogre!
Makhleb accepts your kill.
You feel better.
Your river rat barely misses the two-headed ogre.
You swap places.
The two-headed ogre is struck by your spines.
The two-headed ogre hits you with a +0 giant spiked club!!
The two-headed ogre completely misses you.
Your river rat bites the two-headed ogre.
Things that are here:
a +0 giant club; a +0 giant club You barely miss the ogre mage.
Your neqoxec hits the ogre mage! You closely miss the ogre mage.
The ogre mage points at you and mumbles some strange words.
You suddenly lose the ability to move!
Your river rat bites the two-headed ogre!
The two-headed ogre hits you with a +0 giant spiked club!!
* * * LOW HITPOINT WARNING * * *
A river rat scurries out from under your cloak.
The two-headed ogre hits you with a +0 giant spiked club!
* * * LOW HITPOINT WARNING * * *
You focus on the pain.
You feel mightier all of a sudden.
Your neqoxec hits the ogre mage!
The ogre mage hits your neqoxec with a +0 flail.
Your river rat closely misses the two-headed ogre.
The two-headed ogre is struck by your spines.
The two-headed ogre hits you with a +0 giant spiked club!
* * * LOW HITPOINT WARNING * * *
The two-headed ogre hits you with a +0 giant spiked club!
* * * LOW HITPOINT WARNING * * *
A hell rat scurries out from under your cloak.
Your neqoxec hits the ogre mage!
The ogre mage hits your neqoxec with a +0 flail!
Your river rat bites the two-headed ogre!
The two-headed ogre is struck by your spines.
The two-headed ogre hits you but does no damage.
The two-headed ogre hits you with a +0 giant spiked club!
You die...

.. ... ########## ..####
#........# .....
#...3rr..##########..#
#...O)r..'............
#...O@r..##...........
......$....##.....#.#...
#'#######..##.#.....#.##
#..##.#.....#...
#..##.#...#.#...
#####.#.....#...
#.#.)##.####
#.......#... +....# #.#.


You could see a two-headed ogre (ally target), an ogre mage (ally target), a
friendly neqoxec (summoned), 2 friendly hell rats and 2 friendly river rats.

Vanquished Creatures
  5 hydras
  A catoblepas (Lair:2)
  4 two-headed ogres
  6 death yaks (Lair:5)
  Nergalle (Lair:2)
  A bog body (Lair:2)
  A swamp dragon (Lair:5)
  A deep troll (D:11)
  A lindwurm (Lair:4)
  3 ugly things
  2 cyclopes (D:12)
  Pikel (D:6)
  4 manticores
  An oklob plant (Lair:2)
  5 elephants
  9 black mambas
  14 cane toads
  Maggie (D:9)
  An unseen horror (D:12)
  A rime drake (Lair:6)
  An efreet (D:10)
  8 komodo dragons
  3 trolls
  10 polar bears
  A hornet (D:9)
  3 slime creatures (D:12)
  19 blink frogs
  3 raiju (Lair:6)
  4 dream sheep (Lair:5)
  Sigmund (D:3)
  3 wyverns
  3 spriggans
  A shadow (D:10)
  A wraith (D:12)
  A water elemental (D:13)
  7 basilisks
  38 yaks
  15 vampire mosquitoes
  3 steam dragons
  Grum (D:9)
  4 wargs (Lair:6)
  14 water moccasins
  2 acid dragons
  Duvessa (D:6)
  11 hell hounds
  14 black bears
  2 sky beasts
  24 wolves
  A necrophage (D:4)
  5 centaurs
  2 ogres (D:10)
  5 kobold brigands
  12 bullfrogs
  A wyvern zombie (D:4)
  3 gnoll sergeants (D:10)
  2 scorpions
  5 killer bees (D:9)
  2 howler monkeys
  3 wights (D:8)
  4 electric eels
  4 centaur zombies
  A bullfrog zombie (D:6)
  4 hounds
  A centaur skeleton (D:4)
  2 orc priests (D:12)
  Jessica (D:3)
  Ijyb (D:2)
  Terence (D:3)
  6 orc wizards
  5 iguanas
  A killer bee zombie (D:8)
  3 hound skeletons (D:4)
  Robin (D:2)
  2 howler monkey zombies
  7 gnolls
  7 adders
  An adder skeleton (D:4)
  A worm (D:5)
  A dart slug (D:4)
  18 orcs
  8 endoplasms
  3 giant cockroaches
  17 goblins
  8 hobgoblins
  A quokka (D:3)
  8 ball pythons
  3 bats
  2 frilled lizards (D:1)
  12 kobolds
  6 rats
442 creatures vanquished.

Vanquished Creatures (collateral kills)
  A fire dragon (Lair:6)
  3 hydras
  A bog body (Lair:2)
  2 deep trolls (D:11)
  An ugly thing (D:11)
  A black mamba (Lair:5)
  A rime drake (Lair:6)
  A komodo dragon (Lair:5)
  2 polar bears
  4 blink frogs (Lair:6)
  2 raiju (Lair:6)
  A dream sheep (Lair:5)
  A wraith (D:9)
  4 yaks
  A vampire mosquito (D:11)
  A hell hound (Lair:6)
  3 water moccasins
  A swamp drake (Lair:6)
  5 black bears
  A necrophage (D:4)
  3 orc warriors
  4 wolves
  2 kobold brigands (D:10)
  3 bullfrogs
  A scorpion (D:5)
  Dowan (D:6)
  An adder (D:2)
  A worm (D:2)
  5 orcs
  2 kobolds
60 creatures vanquished.

Vanquished Creatures (others)
  An iguana (Lair:6)
  A bush (Lair:4)
  46 fungi
  98 plants
146 creatures vanquished.

Grand Total: 648 creatures vanquished

Notes
Turn   | Place    | Note
-------+----------+-------------------------------------------
     0 | D:1      | CryoSword the Demonspawn Hedge Wizard began the quest for
                  | the Orb.
     0 | D:1      | Reached XP level 1. HP: 13/13 MP: 4/4
   460 | D:1      | Gained mutation: You have sharp fingernails. [demonic
                  | ancestry]
   460 | D:1      | Reached XP level 2. HP: 19/19 MP: 1/6
   715 | D:1      | Learned a level 1 spell: Slow
   718 | D:1      | Learned a level 2 spell: Call Imp
   721 | D:1      | Learned a level 2 spell: Blink
  1161 | D:2      | Identified the +1 helmet of the Pits of Slime {Rampage
                  | Regen+ Str+4}
  1161 | D:2      | Noticed Robin
  1644 | D:2      | Gained mutation: You sometimes gain a little power by
                  | taking damage. [demonic ancestry]
  1644 | D:2      | Reached XP level 3. HP: 24/24 MP: 4/7
  2233 | D:2      | Reached skill level 1 in Unarmed Combat
  2253 | D:2      | Killed Robin
  2475 | D:2      | Reached skill level 1 in Fighting
  2475 | D:2      | Reached XP level 4. HP: 29/32 MP: 1/8
  3043 | D:3      | Noticed Ijyb
  3066 | D:2      | HP: 1/32 [Ijyb/+2 spectral club (7)]
  3072 | D:2      | Killed Ijyb
  3226 | D:3      | Noticed a sky beast
  3446 | D:2      | Reached XP level 5. HP: 35/37 MP: 7/9
  3500 | D:3      | Reached skill level 2 in Unarmed Combat
  3631 | D:3      | Learned a level 3 spell: Mephitic Cloud
  3751 | D:3      | Noticed Jessica
  3854 | D:2      | Killed a sky beast
  3855 | D:2      | Gained mutation: You are partially covered in thin metallic
                  | scales. (AC +2) [demonic ancestry]
  3855 | D:2      | Reached XP level 6. HP: 23/44 MP: 6/10
  3929 | D:3      | Killed Jessica
  3930 | D:3      | Reached skill level 1 in Hexes
  3962 | D:3      | Noticed Terence
  3980 | D:3      | Killed Terence
  4016 | D:3      | Noticed Sigmund
  4053 | D:3      | Reached skill level 3 in Unarmed Combat
  4566 | D:4      | Reached skill level 4 in Unarmed Combat
  4566 | D:4      | Reached XP level 7. HP: 45/52 MP: 11/11
  5242 | D:5      | Entered Level 5 of the Dungeon
  5314 | D:5      | Found the +2 ratskin cloak {*Rats rPois rN+ Str-1 Int-1
                  | Dex+1}
  5548 | D:5      | Reached XP level 8. HP: 58/60 MP: 9/12
  5562 | D:5      | Reached skill level 5 in Unarmed Combat
  6356 | D:6      | Noticed Pikel
  6398 | D:6      | Killed Pikel
  6399 | D:6      | Reached skill level 6 in Unarmed Combat
  6576 | D:6      | Noticed Duvessa
  6576 | D:6      | Noticed Dowan
  6609 | D:6      | Killed Duvessa
  6614 | D:6      | Killed Dowan
  6654 | D:6      | Gained mutation: You sometimes gain power by taking damage.
                  | [demonic ancestry]
  6654 | D:6      | Reached XP level 9. HP: 40/67 MP: 13/13
  6694 | D:6      | Reached skill level 5 in Fighting
  6694 | D:6      | Reached skill level 5 in Summonings
  6903 | D:6      | Identified the +6 spear of the Wizarding Jester {speed,
                  | rElec Will+ Stlth+}
  7227 | D:3      | Identified the +0 leather armour "Umpuorro" {+Inv}
  7342 | D:3      | Killed Sigmund
  7343 | D:3      | Reached skill level 7 in Unarmed Combat
  7646 | D:7      | Reached skill level 1 in Translocations
  7745 | D:7      | Found a staircase to the Ecumenical Temple.
  7752 | Temple   | Entered the Ecumenical Temple
  7921 | Temple   | Became a worshipper of Makhleb the Destroyer
  8434 | D:7      | Found a runed translucent gate.
  8505 | D:7      | Found a runed translucent gate.
  8505 | D:7      | Found a runed translucent gate.
  8509 | D:7      | Noticed dandone's ghost (novice DrFi)
  8509 | D:7      | Noticed maxonian's ghost (novice TrAM)
  8510 | D:7      | Noticed crawlogic's ghost (novice MiBe)
  8850 | D:8      | Reached skill level 8 in Unarmed Combat
  8945 | D:8      | Identified the +1 hat of Ajesk {Dex+2}
  9182 | D:8      | Learned a level 1 spell: Sandblast
  9266 | D:9      | Noticed Grum
  9291 | D:9      | Killed Grum
  9381 | D:9      | Reached skill level 1 in Earth Magic
  9381 | D:9      | Reached skill level 1 in Invocations
  9381 | D:9      | Gained mutation: You have very sharp fingernails. [demonic
                  | ancestry]
  9381 | D:9      | Reached XP level 10. HP: 44/77 MP: 10/14
  9472 | D:9      | Reached * piety under Makhleb
  9593 | D:9      | Reached skill level 9 in Unarmed Combat
  9622 | D:9      | Paralysed by a hornet for 3 turns
  9638 | D:9      | Found a staircase to the Lair.
  9883 | D:9      | Noticed Maggie
  9931 | D:10     | Entered Level 10 of the Dungeon
 10964 | D:2      | Found a faded altar of an unknown god.
 11392 | D:10     | Reached skill level 5 in Stealth
 11417 | D:10     | Reached ** piety under Makhleb
 11726 | D:10     | Noticed a two-headed ogre
 11767 | D:10     | Killed a two-headed ogre
 11768 | D:10     | Reached XP level 11. HP: 73/84 MP: 15/15
 11816 | D:10     | Found a staircase to the Orcish Mines.
 12124 | D:11     | Reached skill level 1 in Shields
 12274 | D:11     | Reached skill level 5 in Invocations
 12326 | D:11     | Noticed a brown ugly thing
 12360 | D:11     | Killed a brown ugly thing
 12361 | D:11     | Reached skill level 10 in Unarmed Combat
 12361 | D:11     | Reached skill level 5 in Earth Magic
 12605 | D:11     | Identified the +0 falchion of Ubrykk {vamp, *Rage Str-3
                  | Dex+8}
 12779 | D:11     | Reached *** piety under Makhleb
 12880 | D:11     | Found Cokeurin's General Store.
 12892 | D:11     | Bought a ring of see invisible for 210 gold pieces
 12892 | D:11     | Bought a scroll of magic mapping for 49 gold pieces
 13234 | D:11     | Noticed a deep troll
 13275 | D:11     | Killed a deep troll
 13306 | D:11     | Noticed a deep troll
 13330 | D:11     | Killed a deep troll
 13357 | D:11     | Noticed a deep troll
 13371 | D:11     | Killed a deep troll
 13393 | D:11     | Found the amulet of Vitality {Regen+ HP+15}
 13614 | D:9      | Killed Maggie
 13735 | Lair:1   | Entered Level 1 of the Lair of Beasts
 13958 | Lair:1   | Reached skill level 1 in Air Magic
 13958 | Lair:1   | Reached skill level 1 in Poison Magic
 14054 | Lair:1   | Reached XP level 12. HP: 94/94 MP: 17/17
 14780 | Lair:2   | Noticed Nergalle
 14811 | Lair:2   | Killed Nergalle
 14812 | Lair:2   | Reached skill level 11 in Unarmed Combat
 14891 | Lair:2   | Found a staircase to the Swamp.
 15139 | Lair:2   | Reached skill level 5 in Shields
 15304 | Lair:3   | Noticed a catoblepas
 15354 | Lair:3   | Noticed a seven-headed hydra
 15439 | Lair:3   | Killed a seven-headed hydra
 15606 | Lair:2   | Killed a catoblepas
 15673 | Lair:3   | Found a staircase to the Snake Pit.
 15961 | Lair:3   | Reached **** piety under Makhleb
 16622 | Lair:4   | Noticed a four-headed hydra
 16765 | Lair:4   | Killed a four-headed hydra
 16865 | Lair:4   | Noticed Tenosyn's ghost (journeyman DsAM)
 16871 | Lair:4   | Found a transporter.
 16874 | Lair:4   | Found a transporter.
 16997 | Lair:4   | Reached XP level 13. HP: 101/101 MP: 19/19
 17462 | Lair:4   | Reached skill level 12 in Unarmed Combat
 18191 | Lair:5   | Reached ***** piety under Makhleb
 18683 | Lair:5   | Learned a level 3 spell: Stone Arrow
 18705 | Lair:6   | Entered Level 6 of the Lair of Beasts
 19018 | Lair:5   | Reached skill level 10 in Fighting
 19134 | Lair:6   | Reached skill level 5 in Conjurations
 19179 | Lair:6   | Reached skill level 10 in Invocations
 19223 | Lair:6   | Identified the +0 leather armour of Tigi {Rampage}
 19278 | Lair:6   | Reached skill level 13 in Unarmed Combat
 19334 | Lair:6   | Found a viscous altar of Jiyva.
 19335 | Lair:6   | Found a staircase to the Slime Pits.
 19388 | Lair:6   | Gained mutation: You are partially covered in sharp spines.
                  | [demonic ancestry]
 19388 | Lair:6   | Reached XP level 14. HP: 107/111 MP: 21/21
 19553 | Lair:5   | Learned a level 2 spell: Passwall
 19639 | Lair:6   | Found a runed translucent door.
 19640 | Lair:6   | Found a shimmering altar of Xom.
 19640 | Lair:6   | Noticed Bruhh's ghost (journeyman DjFE)
 20032 | Lair:5   | Reached skill level 1 in Transmutations
 20502 | Lair:6   | Reached ****** piety under Makhleb
 20642 | Lair:6   | HP: 6/128 [fire dragon/blast of flame (31)]
 20722 | Lair:6   | Identified the +8 trident of the Tiger {vorpal, *Noise rF+
                  | rCorr Dex+2}
 22457 | D:13     | Reached skill level 14 in Unarmed Combat
 22471 | D:13     | Paralysed by an ogre mage for 5 turns
 22474 | D:13     | Slain by a two-headed ogre

Illustrated notes

Levels and vault maps discovered:
D:1:      roderic_chinese_lattice_arrival, layout_basic
D:2:      layout_basic, shapermc_ecumenical_altar_petra, uniq_robin
D:3:      layout_loops_ring, minmay_misc_feat_square, uniq_ijyb, uniq_jessica,
          uniq_terence, uniq_sigmund
D:4:      minmay_skewed_foursquare, layout_basic, minmay_pentangle
D:5:      layout_loops_ring
D:6:      layout_loops_corners, mainiacjoe_overflow_small_starburst,
          kennysheep_crisscross, uniq_duvessa, uniq_pikel
D:7:      layout_basic, minmay_temple_entry_butterflies,
          gammafunk_ghost_cemetery, minivault_5
D:8:      layout_rooms
D:9:      layout_basic, due_lair_maze_entry_diamond, uniq_grum, uniq_maggie
D:10:     layout_small_grid, kennysheep_orc_monster_closet_entryway,
          hangedman_decor_growths
D:11:     layout_cave_pods, serial_shops, shop, serial_park_tiny_2,
          hellmonk_guarded_unrand_vitality_bloodlust
D:12:     layout_roguey
D:13:     layout_basic, kennysheep_path_1
Temple:   minmay_crystal_snake_temple
Lair:1:   layout_misc_corridors
Lair:2:   dpeg_oklob_gauntlet, layout_gridlike, skrybe_swamp_entry_bodies,
          uniq_nergalle
Lair:3:   layout_chaotic_city, dummy_snake_entry, forest_entry_grove
Lair:4:   layout_cellular_growth, gammafunk_ghost_hive, grunt_megastairs_2,
          wad_woods_river_01
Lair:5:   layout_roguey
Lair:6:   guppyfry_lair_end_dragon, layout_cave_shapes,
          hangedman_lair_caniforms_friends, slime_altar_1, ebering_ghost_xom,
          grunt_forest_large_clearing_hut

Skill      XL: |  1  2  3  4  5  6  7  8  9 10 11 12 13 14 |
---------------+-------------------------------------------+-----
Conjurations   | 2 3 5 6 |  6.7
Unarmed Combat | 1 2 4 6 8 9 10 11 13 14 | 14.0
Fighting       | 1 2 3 4 6 7 8 9 10 11 | 11.4
Summonings     | 2 3 4 5 |  5.0
Hexes          | 2 3 |  3.0
Stealth        | 2 4 5 6 |  6.0
Translocations | 3 4 |  4.0
Earth Magic    | 1 4 5 6 |  6.6
Invocations    | 1 4 6 8 10 11 | 11.5
Shields        | 4 6 |  6.0
Air Magic      | 1 3 |  3.0
Poison Magic   | 1 3 4 |  4.0
Spellcasting   | 4 |  4.1
Transmutations | 2 |  2.8
Dodging        | 2 |  2.2

Action                   |  1- 3 |  4- 6 |  7- 9 | 10-12 | 13-15 || total
-------------------------+-------+-------+-------+-------+-------++-------
Melee: Dagger            |     2 |       |       |       |       ||     2
       Unarmed           |    47 |   146 |   358 |   708 |   719 ||  1978
       Punch             |     1 |     4 |    19 |    12 |       ||    36
 Cast: Magic Dart        |    71 |    37 |    13 |       |       ||   121
       Call Imp          |     3 |    16 |    23 |    39 |    27 ||   108
       Slow              |       |     9 |    16 |    29 |     1 ||    55
       Blink             |       |       |     1 |       |       ||     1
       Sandblast         |       |       |       |    39 |    59 ||    98
       Mephitic Cloud    |       |       |       |    11 |    49 ||    60
       Stone Arrow       |       |       |       |       |    24 ||    24
Invok: Minor Destruction |       |       |       |    10 |     4 ||    14
       Lesser Servant of |       |       |       |       |    15 ||    15
       Greater Servant o |       |       |       |       |     1 ||     1
Evoke: Wand              |       |       |       |       |     7 ||     7
  Use: Scroll            |     3 |       |     6 |     8 |     7 ||    24
       Potion            |       |     2 |       |       |       ||     2
 Stab: Sleeping          |       |     3 |    10 |     5 |     4 ||    22
       Distracted        |       |     2 |     2 |     3 |     6 ||    13
       Confused          |       |       |       |     9 |    33 ||    42
       Petrified         |       |       |       |     2 |       ||     2
Armor: Robe              |    14 |    41 |   151 |   122 |       ||   328
       Troll leather arm |       |       |       |    99 |   352 ||   451
Dodge: Dodged            |    43 |    76 |   175 |   368 |   438 ||  1100
Block: Buckler           |       |       |       |   176 |   319 ||   495
